 Dungeon Crawl Stone Soup version 0.31-a0-1025-g2e47921a08 (webtiles) character file.

Game seed: 9199546306019791238

68274 Anon1729 the Warrior (level 14, -2/132 (135) HPs)
             Began as a Minotaur Monk on Nov 17, 2023.
             Was a Follower of Uskayaw.
             Slain by a seven-headed hydra simulacrum (36 damage)
             ... on level 4 of the Lair of Beasts.
             The game lasted 00:17:37 (19095 turns).

Anon1729 the Warrior (Minotaur Monk)               Turns: 19095, Time: 00:17:38

HP:   -2/132 (135)  AC:  8    Str: 16    XL:     14   Next: 86%
MP:   21/21         EV: 26    Int:  7    God:    Uskayaw [*.....]
Gold: 1855          SH:  0    Dex: 30    Spells: 13/13 levels left

rFire   + + .        u - +5 dagger "Acarineslayer" {elec, rElec rF++}
rCold   . . .        d - orb {light}
rNeg    . . .        Y - +0 troll leather armour
rPois   .            (helmet restricted)
rElec   +            k - +0 cloak
rCorr   .            (no gloves)
SInv    .            N - +2 pair of boots {rampage}
Will    +....        U - amulet of the acrobat
Stlth   ++           E - +6 ring of dexterity
HPRegen 1.22/turn    r - +6 ring of dexterity
MPRegen 0.17/turn

%: acrobat, rampage
@: glowing, lightly drained
A: horns 2, retaliatory headbutt
a: Renounce Religion, Stomp


You were on level 4 of the Lair of Beasts.
You worshipped Uskayaw.
Uskayaw was aware of your devotion.
You visited 3 branches of the dungeon, and saw 19 of its levels.
You also visited: Bailey.

You collected 1855 gold pieces.

Inventory:

Hand Weapons
 b - a +3 scimitar of flaming
 u - the +5 dagger "Acarineslayer" (weapon) {elec, rElec rF++}
   (You found it on level 3 of the Dungeon)

   rF++:      It greatly protects you from fire.
   rElec:     It insulates you from electricity.
 T - the +8 demon blade "Leech" {evervamp, Harm Drain rN+}
   (You found it on level 14 of the Dungeon)

   rN+:       It protects you from negative energy.
   Drain:     It drains your maximum health when unequipped.
   Harm:      It increases damage dealt and taken.
Missiles
 S - 13 curare-tipped darts
Armour
 d - an orb of light (worn)
 k - a +0 cloak (worn)
 z - a scarf of repulsion
 L - a +0 crystal plate armour
 N - a +2 pair of boots of rampaging (worn)
 Y - a +0 troll leather armour (worn)
Jewellery
 g - a ring of see invisible
 r - a +6 ring of dexterity (right hand)
 A - a ring of resist corrosion
 D - a ring of ice
 E - a +6 ring of dexterity (left hand)
 G - a ring of fire
 R - a ring of positive energy
 U - an amulet of the acrobat (around neck)
Wands
 c - a wand of charming (19)
 C - a wand of light (13)
 F - a wand of digging (10)
 J - a wand of iceblast (10)
 P - a wand of mindburst (19)
 W - a wand of flame (19)
Scrolls
 e - 2 scrolls of immolation
 f - 2 scrolls of fear
 h - 2 scrolls of noise
 i - a scroll of identify
 m - 5 scrolls of fog
 s - a scroll of blinking
 y - 2 scrolls of summoning
 B - 3 scrolls of vulnerability
 I - 4 scrolls of teleportation
 K - 8 scrolls of revelation
 M - 4 scrolls of enchant weapon
Potions
 a - 2 potions of mutation {unknown}
 j - 6 potions of degeneration {unknown}
 l - 5 potions of haste
 n - 4 potions of attraction
 o - 2 potions of berserk rage {unknown}
 p - 3 potions of cancellation {unknown}
 q - 2 potions of resistance {unknown}
 t - 3 potions of brilliance {unknown}
 v - 2 potions of invisibility {unknown}
 w - 4 potions of lignification {unknown}
 x - 8 potions of curing
 H - 3 potions of enlightenment
 O - 2 potions of magic {unknown}
 X - a potion of ambrosia
 Z - 2 potions of might {unknown}


   Skills:
 + Level 15.0 Fighting
 + Level 12.7(13.4) Short Blades
 + Level 7.5(11.6) Long Blades
 + Level 8.6 Armour
 + Level 13.6 Dodging
 + Level 9.3 Stealth
 * Level 10.7 Invocations


You had 13 spell levels left.
You didn't know any spells.
Your spell library contained the following spells:

 Spells                   Type           Power      Damage    Failure   Level
 Freeze                   Ice            0%         1d3       50%         1
 Kiss of Death            Conj/Necr      0%         2d5       50%         1
 Magic Dart               Conj           0%         1d3       50%         1
 Slow                     Hex            0%         N/A       50%         1
 Blink                    Tloc           0%         N/A       63%         2
 Call Imp                 Summ           0%         N/A       63%         2
 Lesser Beckoning         Tloc           0%         N/A       63%         2
 Momentum Strike          Conj/Tloc      0%         3d8       63%         2
 Scorch                   Fire           0%         2d5       63%         2
 Sublimation of Blood     Necr           0%         N/A       63%         2
 Confusing Touch          Hex            0%         N/A       86%         3
 Frozen Ramparts          Ice            0%         1d1       86%         3
 Gell's Gravitas          Tloc           0%         N/A       86%         3
 Hailstorm                Conj/Ice       0%         3d3       86%         3
 Mephitic Cloud           Conj/Pois/Air  0%         N/A       86%         3
 Ozocubu's Armour         Ice            0%         N/A       86%         3
 Sigil of Binding         Hex            0%         N/A       86%         3
 Teleport Other           Tloc           0%         N/A       86%         3
 Tukima's Dance           Hex            0%         N/A       86%         3
 Vampiric Draining        Necr           0%         2d6       86%         3
 Dispel Undead            Necr           0%         3d6       99%         4
 Flame Wave               Conj/Fire      0%         2d4       99%         4
 Manifold Assault         Tloc           0%         N/A       99%         4
 Passage of Golubria      Tloc           0%         N/A       99%         4
 Petrify                  Tmut/Erth      0%         N/A       99%         4
 Irradiate                Conj/Tmut      0%         3d11      100%        5
 Metabolic Englaciation   Hex/Ice        0%         N/A       100%        5
 Yara's Violent Unravell  Hex/Tmut       0%         3d3       100%        5
 Dispersal                Tloc           0%         N/A       100%        6
 Simulacrum               Ice/Necr       0%         N/A       100%        6
 Summon Cactus Giant      Summ           0%         N/A       100%        6
 Disjunction              Tloc           0%         N/A       100%        8


Dungeon Overview and Level Annotations

Branches:
Dungeon (14/15)            Temple (1/1) D:5            Lair (4/5) D:10
  Swamp (0/4) Lair:3        Snake (0/4) Lair:2        Slime (0/5) Lair:4
    Orc (0/2) D:9          Vaults (0/5) D:14         Bailey (visited)

Altars:
Ashenzari
Cheibriados
Dithmenos
Elyvilon
Fedhas
Gozag
Hepliaklqana
Kikubaaqudgha
Makhleb
Nemelex Xobeh
Okawaru
Qazlal
Ru
Sif Muna
Trog
Uskayaw
Vehumet
Wu Jian
Xom
Yredelemnul
Zin
The Shining One
Jiyva

Shops:
D:9 *

Annotations:
D:8 2 transporters, AceOff's ghost, novice FoFi
Lair:1 2 transporters, exclusion: oklob plant, othur's ghost, journeyman DsCK


Innate Abilities, Weirdness & Mutations

You have a pair of horns on your head.
You reflexively headbutt those who attack you in melee.


Message History

HP restored.
As you open the gate, it creaks loudly!
You hit the seven-headed hydra simulacrum.
The seven-headed hydra simulacrum is lightly damaged.
You hit the seven-headed hydra simulacrum.
The seven-headed hydra simulacrum is moderately damaged.
The seven-headed hydra simulacrum bites you.
The seven-headed hydra simulacrum freezes you!
The seven-headed hydra simulacrum bites you.
The seven-headed hydra simulacrum freezes you!!
The seven-headed hydra simulacrum closely misses you. x2
The seven-headed hydra simulacrum barely misses you.
The seven-headed hydra simulacrum bites you.
The seven-headed hydra simulacrum freezes you!!
The seven-headed hydra simulacrum barely misses you.
You are too injured to fight recklessly!
You are too injured to fight recklessly!
You are too injured to fight recklessly!
You are too injured to fight recklessly!
You puncture the seven-headed hydra simulacrum!
You headbutt the seven-headed hydra simulacrum.
The seven-headed hydra simulacrum is heavily damaged.
Aiming: Bolt of Light
Press: ? - help, Shift-Dir - straight line, f - seven-headed hydra simulacrum
Aim: a seven-headed hydra simulacrum (heavily damaged, haloed, 100% to hit)
The bolt of light hits the seven-headed hydra simulacrum!
The seven-headed hydra simulacrum is severely damaged.
The seven-headed hydra simulacrum completely misses you.
You furiously retaliate!
You headbutt the seven-headed hydra simulacrum.
The seven-headed hydra simulacrum misses you.
The seven-headed hydra simulacrum completely misses you.
The seven-headed hydra simulacrum barely misses you.
The seven-headed hydra simulacrum bites you!
The seven-headed hydra simulacrum freezes you!
* * * LOW HITPOINT WARNING * * *
The seven-headed hydra simulacrum bites you.
* * * LOW HITPOINT WARNING * * *
The seven-headed hydra simulacrum freezes you!!!
You die...

.#...............................
...........#########.............
..........##..#.#..#..####....#..
..^.......###.??).##...###....##.
^.........##.......#..###.....##.
..^.......###.....##...###....##.
.....^.P...#.......#...###....##.
........######''Z###..#.#......##
.^......###.....@.....#.##.......
....^^...#.......................
.^......###..##....#..##.........
.^^....#..#........##.####.......
..^................##.# #.....##
.............P.#...##.# #....###
.....####...P.#..P##P.####....P##
............<...................#
...........>....................#


You could see a seven-headed hydra simulacrum.

Vanquished Creatures
  Jorgrun (D:13)
  A quicksilver ooze (Lair:4)
  The ghost of Nelug the Black Belt, a journeyman OpSh of Wu Jian (Lair:4)
  Azrael (D:13)
  2 vault guards
  Erica (D:9)
  3 hydras
  3 centaur warriors
  4 boulder beetles
  3 two-headed ogres
  A tengu warrior (D:14)
  A skeletal warrior (D:13)
  A spectral hydra (Lair:4)
  An arcanist (D:14)
  A wolf spider zombie (D:13)
  2 necromancers (D:14)
  5 deep elf pyromancers
  A spectral boulder beetle (Lair:4)
  3 cyclopes
  7 ugly things
  A manticore (D:12)
  3 elephants (Lair:2)
  7 centaur zombies (D:13)
  A black mamba (Lair:3)
  Joseph (D:10)
  14 cane toads
  A gargoyle (D:11)
  2 unseen horrors
  Maggie (D:10)
  Psyche (D:9)
  2 rime drakes
  A kobold demonologist (D:14)
  8 komodo dragons
  A polar bear (Lair:3)
  6 trolls
  13 blink frogs
  A meliai zombie (D:13)
  11 slime creatures
  Sigmund (D:2)
  5 shadows
  4 vampires (D:13)
  2 wraiths
  60 yaks
  2 basilisks
  4 fire elementals (D:13)
  19 humans (D:14)
  A spectral komodo dragon (Lair:4)
  3 wyverns
  5 steam dragons
  6 vampire mosquitoes
  Menkaure (D:5)
  A spectral cane toad (Lair:4)
  A hell hound (D:13)
  17 water moccasins
  2 hornet zombies (D:13)
  3 ice beasts
  A boulder beetle simulacrum (Lair:4)
  11 orc warriors
  2 sky beasts
  A black mamba simulacrum (Lair:4)
  2 black bears (Lair:2)
  3 ogres
  9 wolves (Lair:3)
  9 centaurs
  3 phantoms
  8 kobold brigands
  5 scorpions
  21 bullfrogs
  3 gnoll sergeants
  9 wights
  11 killer bees
  An electric eel (Lair:4)
  5 hounds (D:6)
  4 orc priests
  7 jellies
  2 sleepcaps
  Ijyb (D:3)
  6 iguanas
  14 orc wizards
  20 gnolls
  11 adders
  2 shadow imps
  4 white imps
  3 worms
  8 dart slugs
  51 orcs
  6 ball pythons
  8 endoplasms
  5 giant cockroaches
  10 hobgoblins
  4 jackals (D:2)
  4 quokkas
  10 bats
  4 frilled lizards
  9 goblins
  16 kobolds
  5 rats
573 creatures vanquished.

Vanquished Creatures (others)
  A yak (D:9)
  2 orcs (D:9)
  A ball python (D:3)
4 creatures vanquished.

Grand Total: 577 creatures vanquished

Notes
Turn   | Place    | Note
-------+----------+-------------------------------------------
     0 | D:1      | Anon1729 the Minotaur Monk began the quest for the Orb.
     0 | D:1      | Reached XP level 1. HP: 19/19 MP: 0/0
    63 | D:1      | Reached XP level 2. HP: 18/27 MP: 1/1
   148 | D:1      | Reached skill level 4 in Fighting
   307 | D:1      | Reached XP level 3. HP: 30/33 MP: 2/2
   853 | D:2      | Noticed Sigmund
   859 | D:2      | Killed Sigmund
   860 | D:2      | Reached skill level 5 in Fighting
   860 | D:2      | Reached skill level 5 in Long Blades
   860 | D:2      | Reached XP level 4. HP: 41/42 MP: 3/3
   860 | D:2      | Reached XP level 5. HP: 47/48 MP: 4/4
  1196 | D:3      | Noticed Ijyb
  1207 | D:3      | HP: 2/48 [dart slug/slug dart (1)]
  1211 | D:3      | Killed Ijyb
  1212 | D:3      | Reached skill level 5 in Dodging
  1464 | D:3      | Reached XP level 6. HP: 54/56 MP: 5/5
  1768 | D:3      | Identified the +5 dagger "Acarineslayer" {elec, rElec rF++}
  2188 | D:4      | Reached skill level 1 in Short Blades
  2300 | D:4      | Reached skill level 6 in Fighting
  2420 | D:4      | Reached XP level 7. HP: 37/64 MP: 6/6
  3096 | D:5      | Entered Level 5 of the Dungeon
  3255 | D:5      | Found a hazy altar of Hepliaklqana.
  3261 | D:5      | Reached skill level 7 in Fighting
  3266 | D:5      | Found an ornate altar of the Wu Jian Council.
  3269 | D:5      | Found a blossoming altar of Fedhas.
  3277 | D:5      | Found a bloodstained altar of Trog.
  3339 | D:5      | Found a staircase to the Ecumenical Temple.
  3685 | D:5      | Noticed Menkaure
  3692 | D:5      | Killed Menkaure
  3693 | D:5      | Reached XP level 8. HP: 23/73 MP: 2/7
  4114 | D:6      | Found a stormy altar of Qazlal.
  4165 | D:6      | Reached skill level 8 in Fighting
  4196 | D:6      | Reached skill level 5 in Short Blades
  4548 | D:6      | Reached skill level 9 in Fighting
  4555 | D:6      | Reached XP level 9. HP: 79/83 MP: 8/8
  4627 | D:6      | Reached skill level 1 in Stealth
  4751 | D:6      | Noticed an unseen horror
  4754 | D:6      | Killed an unseen horror
  5345 | D:7      | Noticed a troll
  5349 | D:7      | Killed a troll
  5350 | D:7      | Reached skill level 10 in Fighting
  5759 | D:7      | Found a shadowy altar of Dithmenos.
  5995 | D:7      | Reached XP level 10. HP: 68/94 MP: 6/9
  6529 | D:8      | Found a transporter.
  6530 | D:8      | Noticed a boulder beetle
  6531 | D:8      | Found a transporter.
  6659 | D:8      | Found a bloodstained altar of Trog.
  6659 | D:8      | Noticed AceOff's ghost (novice FoFi)
  6663 | D:8      | Noticed a two-headed ogre
  6671 | D:8      | Noticed a moth of wrath
  6679 | D:8      | Found a transporter.
  6684 | D:8      | Found a transporter.
  7652 | D:8      | Killed a boulder beetle
  7826 | D:9      | Found Icsiente's Demolitions Depot.
  7948 | D:9      | Reached skill level 11 in Fighting
  7948 | D:9      | Reached skill level 10 in Dodging
  8035 | D:9      | Reached skill level 5 in Stealth
  8229 | D:9      | Found a staircase to the Orcish Mines.
  8568 | Temple   | Entered the Ecumenical Temple
  8723 | D:9      | Noticed Psyche
  8739 | D:9      | Reached XP level 11. HP: 50/103 MP: 3/10
  8949 | D:9      | Killed Psyche
  9220 | D:9      | Noticed Erica
  9241 | D:9      | Killed Erica
  9331 | D:9      | Reached skill level 12 in Fighting
  9518 | D:10     | Entered Level 10 of the Dungeon
  9561 | D:10     | Found a flagged portal.
  9568 | Bailey   | Entered a bailey
  9642 | Bailey   | Found a burning altar of Makhleb.
  9657 | Bailey   | Reached skill level 1 in Invocations
  9957 | D:10     | Found a staircase to the Lair.
 10022 | D:10     | Reached skill level 1 in Armour
 10176 | D:10     | Noticed Joseph
 10185 | D:10     | Killed Joseph
 10186 | D:10     | Reached skill level 10 in Short Blades
 10240 | D:10     | Found a hide-covered altar of Uskayaw.
 10346 | D:10     | Noticed Maggie
 10352 | D:10     | Killed Maggie
 10594 | D:10     | Became a worshipper of Uskayaw the Reveller
 10594 | D:10     | Reached * piety under Uskayaw
 10650 | D:10     | You fall into a shaft and drop 2 floors!
 10674 | D:12     | Reached ** piety under Uskayaw
 10676 | D:12     | Reached *** piety under Uskayaw
 10725 | D:12     | Noticed a deep elf pyromancer
 10732 | D:12     | Reached **** piety under Uskayaw
 10733 | D:12     | Reached ***** piety under Uskayaw
 10736 | D:12     | Killed a deep elf pyromancer
 10739 | D:12     | Noticed a green ugly thing
 10740 | D:12     | Reached ****** piety under Uskayaw
 10755 | D:12     | Found a hide-covered altar of Uskayaw.
 10764 | D:12     | Killed a green ugly thing
 10765 | D:12     | Reached XP level 12. HP: 113/113 MP: 14/14
 11873 | D:11     | Noticed a two-headed ogre
 11881 | D:11     | Killed a two-headed ogre
 11882 | D:11     | Reached skill level 5 in Invocations
 11948 | D:11     | Noticed a two-headed ogre
 11950 | D:11     | Killed a two-headed ogre
 11951 | D:11     | Reached skill level 13 in Fighting
 12209 | D:11     | Found a bloodstained altar of Trog.
 12986 | D:13     | Reached skill level 5 in Armour
 13030 | D:13     | Noticed Jorgrun
 13146 | D:13     | Killed Jorgrun
 13192 | D:13     | Noticed a boulder beetle
 13309 | D:13     | Killed a boulder beetle
 13310 | D:13     | Reached XP level 13. HP: 122/122 MP: 17/17
 13526 | D:13     | Noticed Azrael
 13550 | D:13     | Killed Azrael
 13887 | D:14     | Found the +8 demon blade "Leech" {evervamp, Harm Drain rN+}
 14088 | D:14     | Reached skill level 14 in Fighting
 14146 | D:14     | Found a gate to the Vaults.
 15233 | Lair:1   | Entered Level 1 of the Lair of Beasts
 15302 | Lair:1   | Noticed othur's ghost (journeyman DsCK)
 15312 | Lair:1   | Found a transporter.
 15355 | Lair:1   | Reached XP level 14. HP: 133/133 MP: 19/19
 15504 | Lair:1   | Found a transporter.
 16456 | Lair:2   | Found a staircase to the Snake Pit.
 16721 | Lair:2   | Reached skill level 10 in Invocations
 17172 | Lair:3   | Found a staircase to the Swamp.
 18427 | Lair:4   | Found a runed translucent gate.
 18428 | Lair:4   | Found a runed translucent gate.
 18429 | Lair:4   | Found a runed translucent gate.
 18430 | Lair:4   | Noticed Nelug's ghost (journeyman OpSh)
 18536 | Lair:4   | Found a viscous altar of Jiyva.
 18537 | Lair:4   | Found a staircase to the Slime Pits.
 18784 | Lair:4   | Noticed a quicksilver ooze
 18797 | Lair:4   | Killed a quicksilver ooze
 18798 | Lair:4   | Reached skill level 15 in Fighting
 19050 | Lair:4   | Killed Nelug's ghost
 19095 | Lair:4   | Slain by a seven-headed hydra simulacrum

Illustrated notes

Levels and vault maps discovered:
D:1:      dpeg_arrival_leaves_temple_mockup, layout_rooms, minivault_26,
          minmay_crystal_water, minmay_misc_feat_enclosed, minmay_heptomino_o4
D:2:      layout_basic, uniq_sigmund
D:3:      layout_basic, uniq_ijyb
D:4:      minmay_thinvault, layout_cave_pools
D:5:      layout_basic, grunt_temple_overflow_cloverleaf,
          minmay_temple_entry_offerings, hangedman_decor_peaks_small,
          uniq_menkaure
D:6:      kennysheep_windowed_halls, layout_loops_ring,
          nicolae_qazlal_beasts_of_the_sky, corexii_corridor_pit,
          kennysheep_path_1, amcnicky_mini_pool_small
D:7:      layout_loops_ring, grunt_dithmenos_smoke_and_mirrors,
          grunt_ministairs_5, abandoned_shop
D:8:      gammafunk_boulding_lane, layout_loops_corners,
          gammafunk_ghost_wrathful_warriors
D:9:      layout_loops_corners, orc_david_3, nicolae_blasting_shop, uniq_psyche,
          uniq_erica
D:10:     layout_stronghold, amcnicky_altar_gilded, due_lair_maze_entry_diamond,
          enter_bailey_3, uniq_maggie, uniq_joseph
D:11:     layout_cave_pods, tgw_trog
D:12:     layout_basic, eat_drink_and_be_merry_uskayaw
D:13:     layout_cave_pools, serial_undead, serial_undead_d, serial_undead_d,
          serial_undead_a, serial_undead_e, serial_undead_e, uniq_jorgrun,
          uniq_azrael
D:14:     cheibrodos_elevator_heist, layout_grid_maze,
          grunt_vaults_entry_tiered, nicolae_figureground_pulse, grunt_decor_cap
Temple:   regret_index_temple_waves
Lair:1:   layout_regular_city, nzn_ghost_randoct, grunt_megastairs_2,
          infiniplex_staircase_pool_2, serial_bayou_shore_b
Lair:2:   layout_cave_pods, dummy_snake_entry, infiniplex_staircase_pool,
          grunt_megastairs_5
Lair:3:   layout_small_grid, swamp_mist, nicolae_quartered_pool_little,
          hibernation_bobbens
Lair:4:   layout_gridlike, slime_entry_1, gammafunk_ghost_necromancy,
          minmay_holes, st_stairs_4, nicolae_lair_time_for_slime

Skill      XL: |  1  2  3  4  5  6  7  8  9 10 11 12 13 14 |
---------------+-------------------------------------------+-----
Long Blades    | 4 5 7 |  7.5
Fighting       | 4 5 6 7 9 10 11 12 13 14 15 | 15.0
Dodging        | 4 5 6 8 9 10 11 12 13 | 13.6
Short Blades   | 2 4 6 7 9 10 11 12 | 12.7
Stealth        | 3 5 6 7 8 9 |  9.3
Invocations    | 4 7 9 10 | 10.7
Armour         | 2 5 7 8 |  8.6

Action                     |  1- 3 |  4- 6 |  7- 9 | 10-12 | 13-15 || total
---------------------------+-------+-------+-------+-------+-------++-------
  Melee: Falchion          |    56 |       |       |       |       ||    56
         Headbutt          |    19 |    25 |    67 |   214 |   203 ||   528
         Long sword        |    15 |    39 |       |       |       ||    54
         Dagger            |       |    48 |   233 |   639 |   647 ||  1567
 Invoke: Stomp             |       |       |       |       |     1 ||     1
         Line Pass         |       |       |       |       |     1 ||     1
  Evoke: Wand              |       |       |     2 |     1 |     1 ||     4
    Use: Potion            |       |     3 |       |     1 |       ||     4
         Scroll            |       |     3 |     7 |     5 |     2 ||    17
   Stab: Sleeping          |       |       |     1 |     6 |    11 ||    18
         Paralysed         |       |       |       |    20 |    74 ||    94
         Invisible         |       |       |       |     3 |       ||     3
         Distracted        |       |       |       |       |     1 ||     1
         Confused          |       |       |       |       |     1 ||     1
 Armour: Robe              |    31 |    48 |    70 |   101 |       ||   250
         Troll leather arm |       |       |       |    73 |   210 ||   283
  Dodge: Dodged            |    44 |    66 |   158 |   384 |   465 ||  1117

Table legend: (Time is in decaauts)
 A = Elapsed time spent in this place.
 B = Non-inter-level travel time spent in this place.
 C = Inter-level travel time spent in this place.
 D = Time resting spent in this place.
 E = Time spent auto-exploring this place.
 F = Levels seen in this place.
 G = Mean time per level.
                   A        B        C        D        E       F      G
               +--------+--------+--------+--------+--------+-----+--------+
         Total |  18436 |  17016 |   1420 |    776 |  13632 |  20 |  921.8 |
       Dungeon |  14535 |  13188 |   1347 |    601 |  10591 |  14 | 1038.2 |
        Temple |      1 |      0 |      1 |      0 |      0 |   1 |    1.0 |
          Lair |   3665 |   3594 |     71 |    175 |   2900 |   4 |  916.2 |
        Bailey |    234 |    234 |      0 |      0 |    141 |   1 |  234.0 |
               +--------+--------+--------+--------+--------+-----+--------+

Top non-repeatable levels by time:
     D:8: 1620 daAuts
     D:6: 1336 daAuts
    D:12: 1282 daAuts
     D:9: 1222 daAuts
    D:14: 1196 daAuts
     D:7: 1107 daAuts
     D:4: 1043 daAuts
     D:5: 980 daAuts
  Lair:3: 969 daAuts
  Lair:4: 942 daAuts
  Lair:2: 933 daAuts
    D:13: 913 daAuts
    D:11: 897 daAuts
    D:10: 883 daAuts
     D:3: 851 daAuts
